 Dungeon Crawl Stone Soup version 0.30-a0-718-geaa24f58ff (webtiles) character file.

Game seed: 620883393389544258

415 ASSMAN the Conjurer (level 6, -1/45 HPs)
             Began as a Draconian Conjurer on Jan 25, 2023.
             Slain by a two-headed ogre
             ... wielding a +0 dire flail
              (18 damage)
             ... on level 4 of the Dungeon.
             The game lasted 00:06:40 (4192 turns).

ASSMAN the Conjurer (Draconian Conjurer)            Turns: 4192, Time: 00:06:40

Health: -1/45      AC:  7    Str: 10    XL:     6   Next: 60%
Magic:  5/13       EV: 12    Int: 20    God:
Gold:   209        SH:  0    Dex:  9    Spells: 11/14 levels left

rFire   . . .      SeeInvis .    (no weapon)
rCold   . . .      Faith    .    (no shield)
rNeg    . . .      Spirit   .    (body armour unavailable)
rPois   .          Reflect  .    (helmet restricted)
rElec   .          Harm     .    e - +0 cloak
rCorr   .          Rampage  .    (no gloves)
Will    .....                    (no boots)
Stlth   ++                       (no amulet)
HPRegen 0.27/turn                (no ring)
MPRegen 0.13/turn                (no ring)

@: no status effects
A: AC +6, unfitting armour, cold-blooded
a: no special abilities


You were on level 4 of the Dungeon.
You visited 1 branch of the dungeon, and saw 4 of its levels.

You collected 209 gold pieces.

Inventory:

Hand Weapons
 q - a +0 long sword of holy wrath
Missiles
 l - 3 poisoned darts
Armour
 e - a +0 cloak (worn)
Scrolls
 b - 3 scrolls of identify {unknown}
 c - a scroll of fear {unknown}
 d - 2 scrolls of immolation {unknown}
 i - 2 scrolls of blinking {unknown}
 j - 3 scrolls of teleportation {unknown}
 m - a scroll of enchant armour {unknown}
 p - a scroll of enchant weapon {unknown}
 r - a scroll of noise {unknown}
 s - 2 scrolls of magic mapping {unknown}
 t - a scroll of brand weapon {unknown}
 u - a scroll of silence {unknown}
Potions
 a - 3 potions of magic
 f - 5 potions of curing {unknown}
 g - a potion of mutation {unknown}
 h - a potion of cancellation {unknown}
 k - 3 potions of flight {unknown}
 n - a potion of lignification {unknown}
 o - a potion of haste {unknown}


   Skills:
 - Level 1.7 Dodging
 - Level 1.7 Stealth
 + Level 4.8 Spellcasting
 + Level 6.3 Conjurations


You had 11 spell levels left.
You knew the following spells:

 Your Spells              Type           Power      Damage    Failure   Level
a - Magic Dart            Conj           100%       1d8       1%          1
b - Searing Ray           Conj           60%        2d6       1%          2

Your spell library contained the following spells:

 Spells                   Type           Power      Damage    Failure   Level
 Dazzling Flash           Conj/Hex       34%        N/A       10%         3
 Fulminant Prism          Conj/Hex       8%         3d7       32%         4
 Iskenderun's Mystic Bla  Conj/Tloc      17%        2d5       32%         4


Dungeon Overview and Level Annotations

Branches:
Dungeon (4/15)
 Temple: D:4-7

Altars:
Makhleb
Nemelex Xobeh


Innate Abilities, Weirdness & Mutations

Your plain brown scales are hard. (AC +6)
You cannot fit into any form of body armour.
You are cold-blooded and may be slowed by cold attacks.


Message History

Aim: a phantom (almost destroyed, 100% to hit)
The magic dart hits the phantom!
You destroy the phantom!
s - 2 scrolls labelled ECOXKO SEWONO (gained 1)
A two-headed ogre comes into view.
It is wielding a +0 dire flail and a +0 giant spiked club.
The two-headed ogre shouts in stereo!
Casting: Magic Dart (safe; 1% risk of failure)
Confirm with . or Enter, or press ? or * to list all spells.
Aiming: Searing Ray (safe; 1% risk of failure)
Press: ? - help, Shift-Dir - straight line, f - two-headed ogre
Aim: a two-headed ogre, wielding a +0 dire flail and a +0 giant spiked club (90% to hit)
The searing ray hits the two-headed ogre.
The two-headed ogre is lightly wounded. (Press . to maintain the ray.)
The searing ray hits the two-headed ogre!
The two-headed ogre is lightly wounded.
Casting: Searing Ray (safe; 1% risk of failure)
Confirm with . or Enter, or press ? or * to list all spells.
Aiming: Searing Ray (safe; 1% risk of failure)
Press: ? - help, Shift-Dir - straight line, f/p - two-headed ogre
Aim: a two-headed ogre, wielding a +0 dire flail and a +0 giant spiked club (lightly wounded, 90% to hit)
The searing ray hits the two-headed ogre.
The two-headed ogre is moderately wounded. (Press . to maintain the ray.)
The searing ray hits the two-headed ogre.
The two-headed ogre is moderately wounded.
The two-headed ogre hits you with a +0 dire flail!
The two-headed ogre closely misses you.
The searing ray hits the two-headed ogre!
The two-headed ogre is heavily wounded.
Casting: Searing Ray (safe; 1% risk of failure)
Confirm with . or Enter, or press ? or * to list all spells.
Aiming: Magic Dart (safe; 1% risk of failure)
Press: ? - help, Shift-Dir - straight line, f/p - two-headed ogre
Aim: a two-headed ogre, wielding a +0 dire flail and a +0 giant spiked club (heavily wounded, 100% to hit)
The magic dart hits the two-headed ogre.
The two-headed ogre is heavily wounded.
The two-headed ogre hits you with a +0 dire flail!
The two-headed ogre hits you with a +0 giant spiked club!!
You die...

.. ##..... #. ....... ..
#...... #. #.....
###....... ###... ....
....####.#######
##...#....O.....##
##.........@......##
#.#..........[.......#
###.#..................#
......................#
## #.##.................#
...#.......#............#
.......................##
##.......####..........#
##......### #...........#


You could see a two-headed ogre.

Vanquished Creatures
  A phantom (D:4)
  A kobold brigand (D:3)
  A bullfrog (D:3)
  A scorpion (D:4)
  A gnoll (D:3)
  5 adders
  2 worms
  5 dart slugs
  2 orcs (D:3)
  8 endoplasms
  A giant cockroach (D:3)
  3 goblins
  7 hobgoblins
  6 jackals
  5 kobolds
  2 quokkas
  8 ball pythons
  9 bats
  4 frilled lizards
  4 rats
76 creatures vanquished.

Notes
Turn   | Place    | Note
-------+----------+-------------------------------------------
     0 | D:1      | ASSMAN the Draconian Conjurer began the quest for the Orb.
     0 | D:1      | Reached XP level 1. HP: 14/14 MP: 3/3
   177 | D:1      | Reached XP level 2. HP: 20/20 MP: 0/5
   944 | D:1      | Reached XP level 3. HP: 26/26 MP: 2/7
  1000 | D:1      | Learned a level 2 spell: Searing Ray
  2324 | D:3      | Reached XP level 4. HP: 33/33 MP: 6/8
  2454 | D:3      | Noticed a kobold brigand
  2464 | D:3      | Killed a kobold brigand
  2465 | D:3      | Reached skill level 5 in Conjurations
  2465 | D:3      | Reached XP level 5. HP: 20/38 MP: 1/10
  3029 | D:3      | Found a burning altar of Makhleb.
  3806 | D:4      | Reached skill level 6 in Conjurations
  3806 | D:4      | Reached XP level 6. HP: 26/45 MP: 3/12
  3896 | D:4      | Found a sparkling altar of Nemelex Xobeh.
  4185 | D:4      | Noticed a two-headed ogre
  4192 | D:4      | Slain by a two-headed ogre

Illustrated notes

Levels and vault maps discovered:
D:1:      lightli_arrival_flooded_house, layout_loops_cross,
          serial_bayou_crossing
D:2:      layout_basic, serial_park_tiny_pond
D:3:      layout_basic, nicolae_overflow_hidden_temple,
          minmay_randomly_rotated_circles
D:4:      layout_rooms, nemelex_xobeh_ov_fountains_minmay,
          mainiacjoe_overflow_cross_hatched

Skill      XL: |  1  2  3  4  5 |
---------------+----------------+-----
Spellcasting   | 3 4 |  4.8
Conjurations   | 5 6 |  6.3
Dodging        | |  1.7
Stealth        | |  1.7

Action                     |  1- 3 |  4- 6 || total
---------------------------+-------+-------++-------
  Melee: Unarmed           |    45 |    19 ||    64
         Tailslap          |     7 |     2 ||     9
   Cast: Magic Dart        |    76 |    95 ||   171
         Searing Ray       |     2 |     4 ||     6
 Armour: Skin              |    16 |    30 ||    46
  Dodge: Dodged            |    37 |    42 ||    79

Table legend: (Time is in decaauts)
 A = Elapsed time spent in this place.
 B = Non-inter-level travel time spent in this place.
 C = Inter-level travel time spent in this place.
 D = Time resting spent in this place.
 E = Time spent auto-exploring this place.
 F = Levels seen in this place.
 G = Mean time per level.
                   A        B        C        D        E       F      G
               +--------+--------+--------+--------+--------+-----+--------+
         Total |   4205 |   4091 |    114 |    210 |   3464 |   4 | 1051.2 |
       Dungeon |   4205 |   4091 |    114 |    210 |   3464 |   4 | 1051.2 |
               +--------+--------+--------+--------+--------+-----+--------+

Top non-repeatable levels by time:
     D:3: 1466 daAuts
     D:1: 1210 daAuts
     D:2: 1123 daAuts
     D:4: 404 daAuts
